 Dungeon Crawl Stone Soup version 0.28-a0-1374-ga75cb3825e (webtiles) character file.

Game seed: 8128667184857895597

262 Teslajakalope the Skirmisher (level 5, -1/48 HPs)
             Began as a Minotaur Fighter on Dec 31, 2021.
             Slain by Crazy Yiuf (24 damage)
             ... on level 4 of the Dungeon.
             The game lasted 00:08:03 (2432 turns).

Teslajakalope the Skirmisher (Minotaur Fighter)     Turns: 2432, Time: 00:08:04

Health: -1/48      AC:  7    Str: 23    XL:     5   Next: 97%
Magic:  4/4        EV:  9    Int:  5    God:
Gold:   87         SH:  4    Dex:  9    Spells: 4/4 levels left

rFire   . . .      SeeInvis .   a - +0 war axe
rCold   . . .      Faith    .   c - +0 buckler
rNeg    . . .      Spirit   .   b - +0 scale mail
rPois   .          Reflect  .   (helmet restricted)
rElec   .          Harm     .   (no cloak)
rCorr   .          Rampage  .   (no gloves)
Will    .....                   (no boots)
Stlth   ..........              (no amulet)
HPRegen 0.16/turn               (no ring)
MPRegen 0.09/turn               (no ring)

@: invisible
A: horns 2, retaliatory headbutt
a: no special abilities


You were on level 4 of the Dungeon.
You visited 1 branch of the dungeon, and saw 4 of its levels.

You collected 87 gold pieces.

Inventory:

Hand Weapons
 a - a +0 war axe (weapon)
Missiles
 f - 5 boomerangs (quivered)
 g - 110 stones
Armour
 b - a +0 scale mail (worn)
 c - a +0 buckler (worn)
Scrolls
 e - a scroll of fear {unknown}
 j - a scroll of amnesia {unknown}
 k - a scroll of teleportation {unknown}
 m - 2 scrolls of acquirement {unknown}
 n - a scroll of noise {unknown}
Potions
 d - a potion of might
 h - a potion of flight {unknown}
 i - a potion of heal wounds {unknown}
 l - 2 potions of curing {unknown}
 o - a potion of lignification {unknown}
 p - a potion of mutation {unknown}


   Skills:
 + Level 5.1 Fighting
 + Level 4.3 Axes
 + Level 5.0 Armour
 + Level 5.0 Shields


You had 4 spell levels left.
You didn't know any spells.
Your spell library contained the following spells:

 Spells                   Type           Power      Damage    Failure   Level
 Corpse Rot               Necr/Air       0%         N/A       88%         2
 Poisonous Vapours        Pois/Air       0%         N/A       88%         2


Dungeon Overview and Level Annotations

Branches:
Dungeon (4/15)
 Temple: D:4-7

Altars:
Ashenzari
Gozag
Uskayaw
Xom
Yredelemnul

Annotations:
D:2 Sigmund
D:4 Crazy Yiuf


Innate Abilities, Weirdness & Mutations

You have a pair of horns on your head.
You reflexively headbutt those who attack you in melee.


Message History

The ball python bites you but does no damage.
The ball python grabs you. The ball python constricts you.
The bat completely misses you. You furiously retaliate!
You headbutt the bat.
You kill the bat!
You hit the ball python.
You kill the ball python!
l - 2 sedimented golden potions (gained 1)
You see here a bat corpse.
You open the door. You open the door.
There is an open door here.
You see here 21 arrows.
There is a stone staircase leading down here.
You climb downwards.
You hear the sound of rushing water.
There is an entrance to a sewer on this level.
Hurry and find it before the portal rusts away!
There is a stone staircase leading up here.
Found 12 bolts.
Found a fizzy white potion.
p - a fizzy white potion
Found a mace.
Found a runed translucent door.
Crazy Yiuf shouts!
Crazy Yiuf laughs, "Buddy!
Mugger Hive turtle."
Press: ? - help, v - describe, . - travel The floor.
You open the door.
Crazy Yiuf drinks a potion.
Crazy Yiuf goes berserk!
You block Crazy Yiuf's attack.
There is an open translucent door here.
You hit Crazy Yiuf but do no damage. Your headbutt misses Crazy Yiuf.
You block Crazy Yiuf's attack.
Crazy Yiuf hits you with a +3 quarterstaff of chaos!
Crazy Yiuf freezes you.
You hit Crazy Yiuf but do no damage.
Crazy Yiuf hits you with a +3 quarterstaff of chaos!
You fade into invisibility!
Crazy Yiuf closely misses you.
You barely miss Crazy Yiuf. You block Crazy Yiuf's attack.
Crazy Yiuf hits you with a +3 quarterstaff of chaos!!
Ouch! That really hurt!
You die...

#.# #.#
#.##
#..#
#####
#.<#
#)..#
#..#
#...#
#..#
#.g.#
#..# #@#
#..###
♣.♣♣
#....##
♣♣.♣
#.....##
♣.♣♣
#......#
♣♣.♣
#......#
♣♣.♣♣
#(.....#
♣♣...♣
#......#
♣....♣
#......#
#....#
#.....##


You could see Crazy Yiuf (berserk).

Vanquished Creatures
  A kobold brigand (D:3)
  A scorpion (D:2)
  Terence (D:2)
  An adder (D:2)
  3 gnolls (D:2)
  3 dart slugs
  A worm (D:2)
  5 ball pythons
  6 bats
  An endoplasm (D:3)
  2 giant cockroaches
  2 hobgoblins (D:1)
  10 jackals
  A quokka (D:3)
  5 frilled lizards
  9 goblins
  6 kobolds
  4 rats
62 creatures vanquished.

Notes
Turn   | Place    | Note
-------+----------+-------------------------------------------
     0 | D:1      | Teslajakalope the Minotaur Fighter began the quest for the
                  | Orb.
     0 | D:1      | Reached XP level 1. HP: 19/19 MP: 0/0
   113 | D:1      | Reached XP level 2. HP: 27/27 MP: 1/1
   199 | D:1      | Found a faded altar of an unknown god.
   438 | D:1      | Reached XP level 3. HP: 33/33 MP: 2/2
   879 | D:2      | Noticed Terence
   891 | D:2      | Killed Terence
   892 | D:2      | Reached XP level 4. HP: 38/41 MP: 3/3
  1290 | D:2      | Noticed Sigmund
  1353 | D:3      | Found a shimmering altar of Xom.
  1356 | D:3      | Found a broken altar of Ashenzari.
  1367 | D:3      | Found a basalt altar of Yredelemnul.
  1370 | D:3      | Found a hide-covered altar of Uskayaw.
  1551 | D:3      | Noticed a kobold brigand
  1589 | D:3      | Killed a kobold brigand
  1590 | D:3      | Reached XP level 5. HP: 15/47 MP: 4/4
  2027 | D:2      | Reached skill level 5 in Fighting
  2027 | D:2      | Reached skill level 5 in Armour
  2027 | D:2      | Reached skill level 5 in Shields
  2329 | D:3      | Found an opulent altar of Gozag.
  2424 | D:4      | Found a runed translucent door.
  2425 | D:4      | Noticed Crazy Yiuf
  2432 | D:4      | Slain by Crazy Yiuf

Illustrated notes

Levels and vault maps discovered:
D:1:      mrwooster_arrival_statue, layout_loops_ring,
          hellmonk_ecumenical_altar_prayer_group
D:2:      layout_rooms, uniq_terence, uniq_sigmund
D:3:      layout_basic, nicolae_gozag_cash_rules_everything_around_me,
          grunt_temple_overflow_cloverleaf, nicolae_overflow_ecumenical_swirl,
          nrook_campfire, grunt_ministairs_14
D:4:      layout_rooms, nicolae_overflow_hidden_temple, gup_sewer_entry_pipe,
          wad_floor_pattern_2, hangedman_abyss_or_decor_stagger,
          solitary_fountain, uniq_crazy_yiuf_cottage, uniq_robin, uniq_ijyb

Skill      XL: |  1  2  3  4  5 |
---------------+----------------+-----
Fighting       | 4 5 |  5.1
Armour         | 4 5 |  5.0
Axes           | 3 4 |  4.3
Shields        | 4 5 |  5.0

Action                   |  1- 3 |  4- 6 || total
-------------------------+-------+-------++-------
Melee: War axe           |    60 |    60 ||   120
       Headbutt          |    10 |    10 ||    20
Throw: Boomerang         |     5 |       ||     5
Armor: Scale mail        |    33 |    32 ||    65
Dodge: Dodged            |    29 |    30 ||    59
Block: Buckler           |    12 |    19 ||    31

Table legend: (Time is in decaauts)
 A = Elapsed time spent in this place.
 B = Non-inter-level travel time spent in this place.
 C = Inter-level travel time spent in this place.
 D = Time resting spent in this place.
 E = Time spent auto-exploring this place.
 F = Levels seen in this place.
 G = Mean time per level.
                   A        B        C        D        E       F      G
               +--------+--------+--------+--------+--------+-----+--------+
         Total |   2473 |   2451 |     22 |    824 |    840 |   4 |  618.2 |
       Dungeon |   2473 |   2451 |     22 |    824 |    840 |   4 |  618.2 |
               +--------+--------+--------+--------+--------+-----+--------+

Top non-repeatable levels by time:
     D:2: 946 daAuts
     D:3: 803 daAuts
     D:1: 685 daAuts
     D:4: 38 daAuts
